 Dungeon Crawl Stone Soup version 0.19.0-11-g3fc08b3 (console) character file.

312387 sorlin the Bludgeoner (level 20, 0/189 HPs)
             Began as a Minotaur Berserker on Nov 8, 2016.
             Was the Champion of Trog.
             Slain by an azure jelly (12 damage)
             ... created by the Royal Jelly
             ... on level 5 of the Pits of Slime.
             The game lasted 03:01:35 (50199 turns).

sorlin the Bludgeoner (Minotaur Berserker)         Turns: 50199, Time: 03:01:35

Health: 0/189      AC: 18    Str: 30    XL:     20   Next: 44%
Magic:  17/17      EV: 29    Int:  5    God:    Trog [******]
Gold:   3076       SH:  5    Dex: 27    Spells: 0 memorised, 19 levels left

rFire  + . .     SeeInvis .     a - +5 great mace (freeze)
rCold  + + .     Gourm    .     i - +8 chain mail "Zytocwil" {rC- MR+ Str+3 Dex+5}
rNeg   . . .     Faith    .     (shield currently unavailable)
rPois  +         Spirit   .     S - +2 hat of the High Council {Archmagi, Wiz- Stlth-}
rElec  +         Reflect  +     y - +2 cloak {MR+}
rCorr  +         Harm     .     D - +2 pair of gloves {Dex+3}
MR     +++++                    l - +0 pair of boots "Kuseodgh" {rC++}
Stlth  ..........               O - +5 amulet of reflection
                                B - ring of protection from magic
                                R - ring of resist corrosion

@: mighty, agile, about to teleport, resistant, corroded, very slightly
contaminated, regenerating, hasted (expiring), very quick
A: retaliatory headbutt, horns 2, clumsy 1, dopey 1, low mp 1
a: Berserk, Trog's Hand, Brothers in Arms, Burn Spellbooks, Renounce Religion
}: 2/15 runes: decaying, gossamer


You were on level 5 of the Pits of Slime.
You worshipped Trog.
Trog was exalted by your worship.
You were hungry.

You visited 8 branches of the dungeon, and saw 36 of its levels.
You also visited: Labyrinth, Sewer and Ice Cave.

You collected 4823 gold pieces.
You spent 1747 gold pieces at shops.


Innate Abilities, Weirdness & Mutations

You reflexively headbutt those who attack you in melee.
You have a pair of horns on your head.
You are clumsy. (Dex -2)
You are dopey. (Int -2)
Your magical capacity is low. (-10% MP)


   Skills:
 + Level 18.6 Fighting
 - Level 20.0 Maces & Flails
 - Level 20.0 Bows
 + Level 19.7 Armour
 - Level 15.0 Dodging


You had 19 spell levels left.
You didn't know any spells.

Inventory:

Hand Weapons
 a - a +5 great mace of freezing (weapon)
   (You bought it in a shop on level 6 of the Dungeon)
 b - a +0 longbow of freezing
   (Trog gifted it to you on level 1 of the Spider Nest)
 Y - a +2 antimagic great mace
   (Trog gifted it to you on level 2 of the Orcish Mines)
Missiles
 E - 654 arrows
Armour
 i - the +8 chain mail "Zytocwil" (worn) {rC- MR+ Str+3 Dex+5}
   (You found it on level 7 of the Dungeon)

   It affects your strength (+3).
   It affects your dexterity (+5).
   It makes you vulnerable to cold.
   It affects your resistance to hostile enchantments.
 l - the +0 pair of boots "Kuseodgh" (worn) {rC++}
   (You found it on level 10 of the Dungeon)

   It greatly protects you from cold.
 y - a +2 cloak of magic resistance (worn)
   (You bought it in a shop on level 1 of the Orcish Mines)
 D - a +2 pair of gloves of dexterity (worn)
   (You found it on level 3 of the Elven Halls)
 S - the +2 hat of the High Council (worn) {Archmagi, Wiz- Stlth-}
   (You found it in a labyrinth)

   It makes you less stealthy.
Rods
 P - a +0 rod of shadows (11/11) {!a}
   (You took it off a deep elf death mage on level 3 of the Elven Halls)
Jewellery
 f - the amulet "Mukk" {Reflect -Tele rElec MR+ Int+5 SH+5, unknown}
   (You took it off a deep elf blademaster on level 3 of the Elven Halls)

   [amulet of reflection]

   It shields you and reflects attacks.
   It affects your intelligence (+5).
   It insulates you from electricity.
   It affects your resistance to hostile enchantments.
   It prevents most forms of teleportation.
   It affects your SH (+5).
 n - the amulet of Angeb {Reflect +Fly rC+ Slay+3 SH+4 SInv, unknown}
   (You took it off a deep elf sorcerer on level 3 of the Elven Halls)

   [amulet of reflection]

   It shields you and reflects attacks.
   It affects your accuracy and damage with ranged weapons and melee attacks
   (+3).
   It protects you from cold.
   It lets you see invisible.
   It lets you fly.
   It affects your SH (+4).
 w - an uncursed ring of poison resistance
 B - a ring of protection from magic (right hand)
 O - a +5 amulet of reflection (around neck)
 R - a ring of resist corrosion (left hand)
 V - an uncursed ring of protection from fire
 X - an uncursed ring of positive energy
Wands
 h - a wand of digging (11/24)
 m - a wand of disintegration (9/24)
 p - a wand of paralysis (9/24)
 J - a wand of disintegration (5/24)
 U - a wand of flame (36/48)
Scrolls
 e - 13 scrolls of remove curse
 g - 4 scrolls of fog
 q - 3 scrolls of immolation {!r}
 s - 9 scrolls of teleportation {!r}
 u - 4 scrolls of recharging
 z - 4 scrolls of enchant armour
 F - a scroll of summoning {!r}
 K - a scroll of magic mapping {!r}
Potions
 o - 6 potions of might {!q}
 r - 5 potions of flight
 t - a potion of invisibility {!q}
 v - 6 potions of resistance {!q}
 A - 4 potions of agility {!q}
 C - 3 potions of haste {!q}
 G - 5 potions of ambrosia
 H - 6 potions of lignification {!q}
 I - 7 potions of curing
 N - 3 potions of cancellation {!q}
 Q - 4 potions of cure mutation {!q}
 T - a potion of berserk rage {!q}
Miscellaneous
 j - 4 phantom mirrors
 L - a phial of floods
 W - a sack of spiders
Comestibles
 c - 17 bread rations {!e}
 d - 20 fruits


Message History

You are splashed with acid!
The acid burns!
You resist.
* * * LOW HITPOINT WARNING * * *
The eye of draining gazes at you.
You feel your power leaking away.
Found six items.
You take 18 damage.
You are confused.
You feel invigorated. The acid blob spits acid at you.
The splash of acid hits you! You resist.
* * * LOW HITPOINT WARNING * * *
You are splashed with acid!
The acid burns!
You resist.
* * * LOW HITPOINT WARNING * * *
You take 2 damage.
Unknown command.
The acid blob quivers.
The azure jelly quivers.
The acid blob spits acid at you. The splash of acid hits you!
You are splashed with acid!
The acid burns!
You resist.
* * * LOW HITPOINT WARNING * * *
The eye of draining gazes at you.
You feel your power leaking away.
You take 1 damage.
The azure jelly barely misses you. The azure jelly completely misses you.
The azure jelly closely misses you. The azure jelly hits you.
* * * LOW HITPOINT WARNING * * *
The azure jelly closely misses you.
The azure jelly misses you. x2; The azure jelly barely misses you.
The acid blob spits acid at you. The splash of acid hits you! You resist.
The acid corrodes you!
You are splashed with acid!
The acid burns!
You resist.
* * * LOW HITPOINT WARNING * * *
You take 5 damage.
You feel less invigorated.
Your extra speed is starting to run out.
You feel less confused.
Really read
s - 10 scrolls of teleportation {!r}?
As you read the scroll of teleportation {!r}, it crumbles to dust.
You feel strangely unstable.
The azure jelly jiggles.
The azure jelly completely misses you. You furiously retaliate!
You headbutt the azure jelly! The azure jelly closely misses you.
The azure jelly hits you but does no damage.
The azure jelly hits you!
* * * LOW HITPOINT WARNING * * *
You take 6 damage.
You feel better.
You feel the effects of Trog's Hand fading.
The azure jelly hits you.
* * * LOW HITPOINT WARNING * * *
The azure jelly freezes you! You resist.
You die...

,,,.................,,,*
,,....................,**
,,.....................,* ***
,,......J...............***,*
,,......................#,,,*
,,.J......................***
,,J..(...................#.**
,,../%).................G..,*
,,...$[|.....J.............***
,,..$}|}(..................,,*
,,..."}$).....JJ@G.........,**
,,..).!!........J..........,,*
,,...........G.............,,*
,,..............J..........,,**
,,.........................,,,*
,,.........J...J..JJ.......,,,**
,,,,,,[(...................,,,,*
,,,,,,=%"..............(......,*
,,,,,,φ:(.............(.......,*
,,,,,,)?......................,*
,,,,,,%......................#**


You could see 4 acid blobs, 3 azure jellies, a great orb of eyes, a slime
creature, a death ooze and an eye of draining.

Vanquished Creatures
  the Royal Jelly (Slime:5)
  Jorgrun (Spider:4)
  Rupert (Lair:6)
  The ghost of razgard the Slayer, an adept MiBe of Trog (Elf:3)
  2 deep elf blademasters (Elf:3)
  2 deep elf master archers (Elf:3)
  10 acid blobs
  A thorn hunter (Swamp:2)
  Roxanne (Swamp:1)
  Donald (Lair:2)
  An azure jelly (Slime:3)
  6 deep elf sorcerers (Elf:3)
  3 ghost moths
  4 orc warlords
  A deep elf elementalist (Elf:3)
  6 emperor scorpions
  6 entropy weavers
  A very ugly thing (Swamp:4)
  A stone giant (Orc:2)
  4 deep elf demonologists
  9 deep elf annihilators (Elf:3)
  A dire elephant (Lair:6)
  The ghost of razgard the Warrior, a journeyman OgBe of Trog (D:11)
  4 spark wasps
  A death ooze (Slime:4)
  A deep elf high priest (Elf:1)
  5 deep elf death magi (Elf:3)
  A minotaur (Lab)
  2 great orbs of eyes
  Josephine (Spider:1)
  An ice dragon (IceCv)
  26 hydras
  12 alligators
  A catoblepas (Lair:3)
  7 death scarabs (Spider:4)
  A death yak (Lair:6)
  A tengu warrior (Swamp:1)
  A queen ant (Spider:1)
  13 dancing weapons
  The ghost of Janus the Skirmisher, a journeyman VSFi of Uskayaw (IceCv)
  5 orc high priests (Orc:2)
  A sixfirhy (Lair:6)
  8 deep elf knights
  2 spriggans (Swamp:4)
  3 spriggan druids (Swamp:4)
  3 shambling mangroves
  A wizard (Lair:6)
  14 swamp dragons
  13 deep elf archers
  4 orc knights
  3 wolf spider zombies (Spider:4)
  32 orb spiders
  An oklob plant (Lair:6)
  38 wolf spiders
  3 orc sorcerers (Orc:2)
  37 deep elf magi
  A cyclops (Orc:1)
  A manticore (D:11)
  Maurice (Orc:2)
  4 shining eyes
  A moth of wrath (shapeshifter) (Elf:3)
  11 elephants
  3 moths of wrath
  2 ice statues (IceCv)
  5 black mambas
  Joseph (D:7)
  5 torpor snails
  A black mamba (shapeshifter) (Elf:1)
  A gargoyle (D:11)
  A smoke demon (Lair:6)
  25 spiny frogs
  An eye of devastation (Slime:5)
  An orange demon (Lair:6)
  2 spectral redbacks (Spider:4)
  A kobold demonologist (D:11)
  12 komodo dragons
  9 rime drakes
  18 demonic crawlers
  A redback zombie (Spider:4)
  A tengu conjurer (Swamp:1)
  5 tyrant leeches
  20 hornets
  2 polar bears
  52 jumping spiders
  6 trolls
  66 slime creatures
  3 spectral jumping spiders (Spider:4)
  4 spectral tarantellas (Spider:4)
  4 bog bodies
  7 dream sheep
  7 blink frogs
  A jumping spider zombie (Spider:4)
  10 hippogriffs
  4 tarantella zombies (Spider:4)
  2 shadows
  5 air elementals
  113 redbacks
  43 tarantellas
  5 wraiths
  2 wyverns
  2 water elementals (Elf:3)
  5 fire elementals
  2 basilisks
  59 yaks
  A steam dragon (D:11)
  39 vampire mosquitoes
  13 swamp worms
  23 insubstantial wisps
  22 soldier ants
  17 water moccasins
  12 wargs
  11 porcupines
  13 swamp drakes
  2 hell hounds (Lair:6)
  41 orc warriors
  3 eyes of draining
  A sky beast (D:10)
  3 black bears
  2 hornet zombies (Spider:4)
  26 ice beasts
  20 ogres
  3 necrophages
  5 phantoms
  17 wolves
  4 centaurs
  11 big kobolds
  17 crocodiles
  18 bullfrogs
  2 earth elementals (Elf:1)
  A wyvern zombie (D:11)
  Dowan (D:7)
  4 scorpions
  9 killer bees
  An electric eel (Lair:5)
  5 wights (D:9)
  5 howler monkeys
  4 crimson imps
  3 bullfrog zombies
  2 centaur zombies
  2 jellies
  A quasit (D:8)
  3 centaur skeletons
  15 orc priests
  4 hounds
  2 bullfrog skeletons
  7 iguanas
  18 orc wizards
  27 worker ants
  4 hound skeletons
  A howler monkey zombie (D:6)
  14 adders
  8 gnolls
  A river rat (D:3)
  2 shadow imps
  9 oozes
  An adder skeleton (D:10)
  2 adder zombies (D:9)
  6 worms
  4 dart slugs
  7 leopard geckos
  89 orcs
  3 ball pythons
  7 giant cockroaches
  11 hobgoblins
  11 jackals
  17 kobolds
  5 quokkas
  15 bats
  10 frilled lizards
  11 goblins
  A leopard gecko zombie (D:6)
  2 quokka skeletons
  9 rats
  A plant (Lair:6)
1541 creatures vanquished.

Vanquished Creatures (collateral kills)
  Gastronok (D:9)
  Agnes (Spider:4)
  An emperor scorpion (Spider:4)
  3 entropy weavers
  A deep elf annihilator (Elf:3)
  2 spark wasps (Spider:4)
  An ice dragon (IceCv)
  A death scarab (Spider:4)
  A dancing weapon (Elf:3)
  A slime creature (Slime:1)
  An orc knight (Orc:2)
  An orb spider (Spider:1)
  A torpor snail (Spider:4)
  3 orange demons (Lair:6)
  A spectral redback (Spider:4)
  A demonic crawler (Spider:2)
  An ice devil (Lair:6)
  2 redback zombies (Spider:4)
  2 red devils (Lair:6)
  A hellwing (Lair:6)
  3 jumping spiders
  A redback (Spider:2)
  2 tarantellas (Spider:4)
  An ogre (Orc:2)
34 creatures vanquished.

Vanquished Creatures (others)
  2 deep elf archers (Elf:1)
  A swamp drake (Swamp:4)
  An orc (D:3)
  16 fungi
  11 plants
31 creatures vanquished.

Grand Total: 1606 creatures vanquished

Notes
Turn   | Place    | Note
-------+----------+-------------------------------------------
     0 | D:1      | sorlin the Minotaur Berserker began the quest for the Orb.
     0 | D:1      | Reached XP level 1. HP: 19/19 MP: 0/0
     0 | D:1      | Noticed a minotaur skeleton
     0 | D:1      | Noticed a minotaur
     1 | D:1      | Noticed a ghoul
     2 | D:1      | Noticed a vine stalker
     7 | D:1      | Noticed a dwarf
     8 | D:1      | Noticed an ogre
    14 | D:1      | Noticed a vampire
    14 | D:1      | Noticed a formicid
    16 | D:1      | Noticed an ogre
    18 | D:1      | Noticed a human
    18 | D:1      | Noticed a minotaur
   361 | D:1      | Reached skill level 4 in Maces & Flails
   487 | D:1      | Reached XP level 2. HP: 27/27 MP: 1/1
   721 | D:1      | Reached skill level 4 in Fighting
   903 | D:1      | Reached XP level 3. HP: 32/33 MP: 2/2
  1007 | D:1      | Reached skill level 5 in Maces & Flails
  1096 | D:2      | Found an opulent altar of Gozag.
  1160 | D:2      | Reached ** piety under Trog
  1300 | D:2      | Found a hazy altar of Hepliaklqana.
  1347 | D:2      | Reached XP level 4. HP: 41/41 MP: 3/3
  2240 | D:3      | Reached skill level 5 in Fighting
  2240 | D:3      | Reached skill level 6 in Maces & Flails
  2240 | D:3      | Reached XP level 5. HP: 23/48 MP: 4/4
  2377 | D:3      | Found a glowing drain.
  2381 | Sewer    | Entered a sewer
  2447 | Sewer    | Reached *** piety under Trog
  2807 | Sewer    | Reached skill level 3 in Armour
  3167 | D:3      | Found a blossoming altar of Fedhas.
  3227 | D:3      | HP: 12/48 [orc wizard/magic dart (4)]
  3230 | D:3      | Reached skill level 7 in Maces & Flails
  3230 | D:3      | Reached XP level 6. HP: 21/56 MP: 5/5
  3897 | D:3      | Reached **** piety under Trog
  4100 | D:4      | Found a staircase to the Ecumenical Temple.
  4276 | D:4      | Found a snail-covered altar of Cheibriados.
  4375 | Temple   | Entered the Ecumenical Temple
  4400 | D:4      | Reached skill level 4 in Armour
  4402 | D:4      | Reached skill level 8 in Maces & Flails
  4442 | D:4      | HP: 25/84 [orc wizard/magic dart (6)]
  4446 | D:4      | Reached XP level 7. HP: 26/61 MP: 6/6
  4706 | D:4      | Found a shadowy altar of Dithmenos.
  4900 | D:4      | Reached skill level 9 in Maces & Flails
  5107 | D:4      | Reached skill level 5 in Armour
  5286 | D:5      | Entered Level 5 of the Dungeon
  5500 | D:5      | Reached skill level 3 in Dodging
  5644 | D:5      | HP: 17/61 [centaur/arrow (5)]
  5645 | D:5      | Found an iron altar of Okawaru.
  5647 | D:5      | HP: 8/61 [centaur (5)]
  5647 | D:5      | HP: 2/61 [centaur (6)]
  5653 | D:5      | HP: 18/91 [bullfrog zombie (5)]
  5654 | D:5      | Reached XP level 8. HP: 20/68 MP: 7/7
  5827 | D:5      | HP: 28/102 [ogre/giant club (25)]
  5828 | D:5      | Reached skill level 10 in Maces & Flails
  5989 | D:5      | Found Paewneog's Weapon Shoppe.
  6051 | D:5      | Reached skill level 4 in Dodging
  6459 | D:6      | Found Doanugiami's Distillery.
  6471 | D:6      | Bought a potion of curing for 42 gold pieces
  6526 | D:6      | Found a sparkling altar of Nemelex Xobeh.
  6651 | D:6      | Found Raxenish's Armour Shoppe.
  6683 | D:6      | Bought a +2 pair of boots for 214 gold pieces
  6793 | D:6      | Reached skill level 5 in Dodging
  6834 | D:6      | Reached skill level 11 in Maces & Flails
  6908 | D:6      | Found Bonotzai's Antique Weapon Emporium.
  7116 | D:6      | Found a bloodstained altar of Trog.
  7168 | D:6      | Reached XP level 9. HP: 67/75 MP: 8/8
  7210 | D:6      | Found Zutef's Distillery.
  7216 | D:6      | Bought a potion of agility for 52 gold pieces
  7266 | D:6      | Reached skill level 6 in Fighting
  7349 | D:6      | Reached ***** piety under Trog
  7509 | D:6      | Reached skill level 12 in Maces & Flails
  7870 | D:7      | Found Eschiajulo's Gadget Shop.
  7890 | D:7      | Noticed Joseph
  7936 | D:7      | Found a sacrificial altar of Ru.
  8007 | D:7      | Killed Joseph
  8007 | D:7      | Reached skill level 7 in Fighting
  8163 | D:7      | Reached skill level 13 in Maces & Flails
  8175 | D:7      | Noticed Dowan
  8189 | D:7      | Killed Dowan
  8263 | D:7      | Found a hide-covered altar of Uskayaw.
  8732 | D:7      | Got an encrusted chain mail
  8754 | D:7      | Identified the +8 chain mail "Zytocwil" {rC- MR+ Str+3 Dex+5} (You found it on level 7 of the Dungeon)
  8996 | D:8      | Reached skill level 8 in Fighting
  9206 | D:8      | Reached XP level 10. HP: 63/88 MP: 9/9
  9288 | D:8      | Reached skill level 14 in Maces & Flails
  9433 | D:8      | Reached skill level 1 in Bows
  9436 | D:8      | Found a staircase to the Lair.
  9786 | D:9      | Noticed Gastronok
  9802 | D:9      | Reached skill level 2 in Bows
  9910 | D:9      | Received a gift from Trog
  9994 | D:9      | Reached skill level 9 in Fighting
 10024 | D:9      | Reached skill level 3 in Bows
 10305 | D:9      | Identified Jeory's Handbook of Shifting Summoning
 10381 | D:9      | Received a gift from Trog
 10410 | D:9      | Found an opulent altar of Gozag.
 10513 | D:9      | Reached skill level 4 in Bows
 10634 | D:9      | Found an ancient bone altar of Kikubaaqudgha.
 10637 | D:9      | Found an iron altar of Okawaru.
 10640 | D:9      | Found a shimmering altar of Xom.
 10739 | D:9      | Killed Gastronok
 10739 | D:9      | Reached skill level 10 in Fighting
 10739 | D:9      | Reached skill level 5 in Bows
 10781 | D:10     | Entered Level 10 of the Dungeon
 10853 | D:10     | Found Wemueteh's Magic Scroll Shoppe.
 10856 | D:10     | Bought a scroll of blinking for 75 gold pieces
 10856 | D:10     | Bought a scroll of identify for 20 gold pieces
 10856 | D:10     | Bought a scroll of identify for 20 gold pieces
 10856 | D:10     | Bought a scroll of identify for 20 gold pieces
 10856 | D:10     | Bought a scroll of identify for 20 gold pieces
 10856 | D:10     | Bought a scroll of identify for 20 gold pieces
 10856 | D:10     | Bought a scroll of teleportation for 30 gold pieces
 10860 | D:10     | Identified a scroll of acquirement
 10864 | D:10     | Got a jewelled buckler
 10872 | D:10     | Identified the +1 buckler "Orhuna" {Str+5} (You acquired it on level 10 of the Dungeon)
 10920 | D:10     | Received a gift from Trog
 10929 | D:10     | Found Lekoulom's Book Shop.
 10981 | D:10     | Got a pair of heavily runed boots
 10992 | D:10     | Identified the +0 pair of boots "Kuseodgh" {rC++} (You found it on level 10 of the Dungeon)
 11421 | D:10     | Reached XP level 11. HP: 100/100 MP: 10/10
 11600 | Lair:1   | Entered Level 1 of the Lair of Beasts
 11620 | Lair:1   | Reached skill level 15 in Maces & Flails
 11827 | Lair:1   | Found a frozen archway.
 11838 | Lair:1   | Received a gift from Trog
 11842 | Lair:1   | Reached skill level 6 in Bows
 11887 | IceCv    | Entered an ice cave
 11952 | IceCv    | Reached skill level 11 in Fighting
 12206 | IceCv    | Reached skill level 7 in Bows
 12287 | IceCv    | Noticed an ice dragon
 12288 | IceCv    | Noticed an ice dragon
 12330 | IceCv    | Killed an ice dragon
 12451 | IceCv    | Noticed Janus's ghost (journeyman VSFi)
 12480 | IceCv    | Killed Janus's ghost
 12607 | IceCv    | Killed an ice dragon
 12658 | IceCv    | Got a transparent amethyst amulet
 12819 | Lair:1   | Identified the amulet of Xom's Full Attention {RegenMP rC+ Int+3} (You found it in an ice cave)
 13031 | Lair:1   | Reached skill level 8 in Bows
 13267 | Lair:1   | Reached skill level 12 in Fighting
 13267 | Lair:1   | Reached skill level 16 in Maces & Flails
 13486 | Lair:2   | Noticed a seven-headed hydra
 13586 | Lair:2   | Reached XP level 12. HP: 61/112 MP: 11/11
 13641 | Lair:2   | Noticed a five-headed hydra
 14021 | Lair:2   | Reached skill level 6 in Armour
 14070 | Lair:2   | Got a twitching ivory ring
 14072 | Lair:2   | Identified the ring "Ulinna Wasax" {Ice *Slow Str+5 Int+4} (You found it on level 2 of the Lair of Beasts)
 14130 | Lair:2   | Received a gift from Trog
 14258 | Lair:2   | Found a glowing silver altar of Zin.
 14343 | Lair:2   | Found a staircase to the Swamp.
 14382 | Lair:2   | Killed a five-headed hydra
 14382 | Lair:2   | Reached skill level 9 in Bows
 14474 | Lair:2   | Found a hole to the Spider Nest.
 14485 | Lair:2   | Reached skill level 7 in Armour
 14639 | Lair:2   | Killed a seven-headed hydra
 15092 | Lair:3   | Noticed a catoblepas
 15114 | Lair:3   | Killed a catoblepas
 15114 | Lair:3   | Reached skill level 13 in Fighting
 15155 | Lair:3   | Reached skill level 8 in Armour
 15357 | Lair:3   | Reached skill level 10 in Bows
 15643 | Lair:3   | Reached skill level 9 in Armour
 15922 | Lair:3   | Reached XP level 13. HP: 120/123 MP: 12/12
 16486 | Lair:3   | Reached skill level 14 in Fighting
 16522 | Lair:3   | Got a polished short sword
 17070 | Lair:4   | Reached skill level 11 in Bows
 17176 | Lair:4   | Reached skill level 10 in Armour
 17897 | Lair:5   | Found an opulent altar of Gozag.
 18153 | Lair:5   | Found a labyrinth entrance.
 18190 | Lab      | Entered a labyrinth
 18498 | Lab      | Noticed a minotaur
 18506 | Lab      | Killed a minotaur
 18506 | Lab      | Received a gift from Trog
 18522 | Lab      | Identified the Almanac of Clay
 19218 | Lair:1   | Reached skill level 11 in Armour
 19271 | Swamp:1  | Entered Level 1 of the Swamp
 19379 | Lair:6   | Entered Level 6 of the Lair of Beasts
 19489 | Lair:6   | Reached skill level 12 in Bows
 20042 | Lair:6   | Found a staircase to the Slime Pits.
 20059 | Lair:6   | Reached skill level 17 in Maces & Flails
 20206 | Lair:6   | Reached XP level 14. HP: 118/132 MP: 13/13
 20229 | Lair:6   | Reached skill level 12 in Armour
 20338 | Lair:6   | Received a gift from Trog
 20405 | Lair:6   | Noticed Rupert
 20425 | Lair:6   | Killed Rupert
 20682 | Lair:6   | Reached skill level 13 in Bows
 21021 | Lair:6   | Found a burning altar of Makhleb.
 21045 | Lair:6   | Found a gateway to Hell.
 21243 | Lair:6   | Gained mutation: You are dopey. (Int -2) [a shining eye]
 21248 | Lair:6   | Gained mutation: Your magical capacity is low. (-10% MP) [a shining eye]
 21791 | D:11     | Found a staircase to the Orcish Mines.
 22407 | D:11     | Received a gift from Trog
 22422 | D:11     | Reached skill level 13 in Armour
 22464 | D:11     | Noticed razgard's ghost (journeyman OgBe)
 22480 | D:11     | Killed razgard's ghost
 22963 | Orc:1    | Entered Level 1 of the Orcish Mines
 22972 | Orc:1    | Found Hemiogg's Armour Emporium.
 23155 | Orc:1    | Reached ****** piety under Trog
 23175 | Orc:1    | Noticed an orc warlord
 23412 | D:11     | Killed an orc warlord
 23688 | Orc:1    | Bought a +1 cloak of magic resistance for 280 gold pieces
 23747 | Orc:2    | Entered Level 2 of the Orcish Mines
 23761 | Orc:2    | Reached skill level 18 in Maces & Flails
 23972 | Orc:2    | Found Xonysa's Antique Armour Shop.
 24088 | Orc:2    | Found Lisabidi's General Store.
 24100 | Orc:2    | Bought a scroll of teleportation for 42 gold pieces
 24100 | Orc:2    | Bought a scroll of identify for 28 gold pieces
 24379 | Orc:2    | Noticed an orc warlord
 24379 | Orc:2    | Reached skill level 14 in Bows
 24412 | Orc:2    | Killed an orc warlord
 24417 | Orc:2    | Received a gift from Trog
 24536 | Orc:2    | Found Voaneisk's Antique Weapon Shop.
 24564 | Orc:2    | Noticed Maurice
 24572 | Orc:2    | Killed Maurice
 24655 | Orc:2    | Reached XP level 15. HP: 138/138 MP: 12/12
 24678 | Orc:2    | Found Daadd's Jewellery Shop.
 25110 | Orc:2    | Found a staircase to the Elven Halls.
 25141 | Orc:2    | Found Qurhyu Ugee's Jewellery Emporium.
 25206 | Orc:2    | Noticed an orc warlord
 25240 | Orc:2    | Reached skill level 14 in Armour
 25279 | Orc:2    | Killed an orc warlord
 25287 | Orc:2    | Received a gift from Trog
 25481 | Orc:2    | Noticed an orc warlord
 25497 | Orc:2    | Killed an orc warlord
 25718 | Orc:2    | Got a transparent scale mail
 25735 | Orc:2    | Identified the +3 scale mail of Midwinter {+Blink rF+ rCorr Dex-5} (You found it on level 2 of the Orcish Mines)
 26417 | D:6      | Bought a glowing great mace for 350 gold pieces
 26417 | D:6      | Bought a runed longbow for 294 gold pieces
 26593 | Spider:1 | Entered Level 1 of the Spider Nest
 26593 | Spider:1 | Noticed Donald
 26711 | Lair:2   | Killed Donald
 26712 | Lair:2   | HP: 53/207 [redback (10)]
 26717 | Lair:2   | HP: 43/207 [poisoned by a redback]
 27038 | Lair:2   | HP: 41/138 [poisoned by a redback]
 27043 | Lair:2   | HP: 30/138 [poisoned by a redback]
 27048 | Lair:2   | HP: 22/138 [poisoned by a redback]
 27053 | Lair:2   | HP: 18/138 [poisoned by a redback]
 27058 | Lair:2   | HP: 15/138 [poisoned by a redback]
 27063 | Lair:2   | HP: 13/138 [poisoned by a redback]
 27070 | Lair:2   | HP: 13/138 [poisoned by a redback]
 27077 | Lair:2   | HP: 13/138 [poisoned by a redback]
 27085 | Lair:2   | HP: 14/138 [poisoned by a redback]
 27429 | Spider:1 | Noticed Josephine
 27433 | Spider:1 | Killed Josephine
 27555 | Spider:1 | HP: 41/138 [poisoned by a wolf spider]
 27562 | Spider:1 | HP: 41/138 [poisoned by a wolf spider]
 27569 | Spider:1 | HP: 41/138 [poisoned by a wolf spider]
 27968 | Spider:1 | Received a gift from Trog
 28011 | Spider:1 | Got a fine shortbow {god gift}
 28139 | Lair:2   | Reached skill level 15 in Armour
 28141 | Lair:2   | Reached skill level 15 in Bows
 28185 | Spider:1 | Reached skill level 19 in Maces & Flails
 28683 | Spider:1 | Received a gift from Trog
 28799 | Spider:1 | Got a faintly glowing falchion
 29188 | Spider:1 | Received a gift from Trog
 29488 | Spider:2 | HP: 38/138 [jumping spider (13)]
 29578 | Spider:1 | HP: 40/138 [entropy weaver (15)]
 30126 | Spider:2 | Reached XP level 16. HP: 92/146 MP: 13/13
 30457 | Spider:2 | Reached skill level 16 in Bows
 30711 | Spider:2 | Reached skill level 20 in Maces & Flails
 30946 | Spider:2 | Received a gift from Trog
 32573 | Spider:3 | HP: 28/147 [disintegration (48)]
 32624 | Spider:2 | Reached skill level 15 in Fighting
 32898 | Spider:3 | Reached skill level 17 in Bows
 33012 | Spider:3 | Received a gift from Trog
 33972 | Spider:4 | Entered Level 4 of the Spider Nest
 33996 | Spider:3 | Reached skill level 16 in Fighting
 34276 | Spider:3 | Reached XP level 17. HP: 124/158 MP: 14/14
 34524 | Spider:3 | HP: 45/158 [poisoned by a redback]
 34529 | Spider:3 | HP: 34/158 [poisoned by a redback]
 34534 | Spider:3 | HP: 27/158 [poisoned by a redback]
 34539 | Spider:3 | HP: 23/158 [poisoned by a redback]
 34544 | Spider:3 | HP: 20/158 [poisoned by a redback]
 34549 | Spider:3 | HP: 18/158 [poisoned by a redback]
 34556 | Spider:3 | HP: 18/158 [poisoned by a redback]
 34563 | Spider:3 | HP: 19/158 [poisoned by a redback]
 34571 | Spider:3 | HP: 19/158 [poisoned by a redback]
 34895 | Spider:3 | Received a gift from Trog
 35459 | Spider:4 | Reached skill level 18 in Bows
 35525 | Spider:4 | Got a scorched lapis lazuli ring
 35527 | Spider:4 | Identified the ring "Ucafergh" {Ice Str+2 Int+8} (You found it on level 4 of the Spider Nest)
 35574 | Spider:4 | Received a gift from Trog
 35957 | Spider:4 | Reached skill level 6 in Dodging
 36373 | Spider:4 | HP: 46/160 [spark wasp (13)]
 36377 | Spider:4 | Reached skill level 7 in Dodging
 36386 | Spider:4 | HP: 41/160 [spark wasp (9)]
 36819 | Spider:4 | Received a gift from Trog
 36932 | Spider:4 | Noticed Agnes
 36941 | Spider:4 | Killed Agnes
 36954 | Spider:4 | Noticed Jorgrun
 36968 | Spider:4 | Killed Jorgrun
 36968 | Spider:4 | Reached skill level 8 in Dodging
 37500 | Spider:4 | Reached skill level 19 in Bows
 37500 | Spider:4 | Reached skill level 9 in Dodging
 37530 | Spider:4 | HP: 33/160 [death scarab (20)]
 37557 | Spider:4 | HP: 44/160 [spectral tarantella (3)]
 37575 | Spider:4 | HP: 48/160 [death scarab (2)]
 37915 | Spider:4 | Got a gossamer rune of Zot
 38172 | Swamp:1  | Received a gift from Trog
 38493 | Swamp:1  | Received a gift from Trog
 38647 | Swamp:1  | Noticed Roxanne
 38671 | Swamp:1  | Killed Roxanne
 38671 | Swamp:1  | Reached skill level 10 in Dodging
 38671 | Swamp:1  | Reached XP level 18. HP: 129/168 MP: 15/15
 39035 | Swamp:2  | Received a gift from Trog
 39794 | Swamp:3  | Received a gift from Trog
 40398 | Swamp:3  | Received a gift from Trog
 40462 | Swamp:3  | Reached skill level 11 in Dodging
 40808 | Swamp:4  | Entered Level 4 of the Swamp
 40855 | Swamp:4  | Reached skill level 20 in Bows
 41127 | Swamp:4  | HP: 46/168 [spriggan druid/stone arrow (33)]
 41131 | Swamp:4  | Received a gift from Trog
 41136 | Swamp:4  | HP: 48/168 [swamp dragon[a spriggan druid] (4)]
 41138 | Swamp:4  | HP: 18/168 [seven-headed hydra (7)]
 41144 | Swamp:4  | HP: 48/168 [seven-headed hydra (7)]
 41344 | Swamp:4  | Reached skill level 12 in Dodging
 41831 | Swamp:4  | Reached skill level 16 in Armour
 41918 | Swamp:4  | Identified the Collected Works on Augmentations
 41935 | Swamp:4  | Got a transparent robe
 42016 | Swamp:4  | Got a decaying rune of Zot
 42500 | Elf:1    | Entered Level 1 of the Elven Halls
 42535 | Elf:1    | Received a gift from Trog
 42696 | Elf:1    | Reached skill level 13 in Dodging
 42845 | Elf:1    | Found Timuew's Armour Shop.
 43534 | Elf:1    | Reached XP level 19. HP: 174/174 MP: 16/16
 43574 | Elf:1    | Got a flickering marble ring
 43576 | Elf:1    | Identified the cursed ring of Boqota {+Inv AC-2} (You found it on level 1 of the Elven Halls)
 43898 | Elf:2    | Found a runed gate.
 43899 | Elf:2    | Found a runed gate.
 43900 | Elf:2    | Found a runed gate.
 44035 | Elf:2    | Got a crude hand axe
 44063 | Elf:2    | Got a smoking falchion
 44286 | Elf:3    | Entered Level 3 of the Elven Halls
 44368 | Elf:3    | Noticed razgard's ghost (adept MiBe)
 44407 | Elf:3    | Killed razgard's ghost
 44690 | Elf:3    | Reached skill level 17 in Armour
 44754 | Elf:3    | Received a gift from Trog
 45390 | Elf:3    | Reached skill level 14 in Dodging
 45454 | Elf:3    | Received a gift from Trog
 45638 | Elf:3    | HP: 76/261 [Hell Sentinel's spines[a deep elf demonologist] (8)]
 45646 | Elf:3    | HP: 66/261 [trident of venom (12)]
 45650 | Elf:3    | HP: 32/174 [poisoned by a trident of venom]
 45655 | Elf:3    | HP: 34/174 [poisoned by a trident of venom]
 45660 | Elf:3    | HP: 35/174 [poisoned by a trident of venom]
 45665 | Elf:3    | HP: 39/174 [poisoned by a trident of venom]
 45671 | Elf:3    | HP: 48/174 [poisoned by a trident of venom]
 46024 | Elf:3    | Got a flickering diamond amulet
 46243 | Elf:3    | Got a shimmering dagger {pierce}
 46301 | Elf:3    | Got an uncursed jewelled shortbow {speed}
 46306 | Elf:3    | Got a shimmering granite ring
 46485 | Elf:3    | Identified the ring of Iwecryp {Wiz Int+5} (You took it off a deep elf archer on level 3 of the Elven Halls)
 46576 | Elf:3    | Reached skill level 18 in Armour
 47018 | Elf:3    | Reached skill level 15 in Dodging
 47054 | Elf:3    | Received a gift from Trog
 47061 | Elf:3    | Got a distressingly furry robe
 47114 | Elf:3    | Got a smoking steel amulet
 47235 | Elf:3    | Reached skill level 17 in Fighting
 47615 | Elf:3    | Upgraded the game from 0.19.0-9-gfd783f2 to 0.19.0-11-g3fc08b3
 47829 | Orc:2    | Bought an uncursed ring of resist corrosion for 240 gold pieces
 48127 | Slime:1  | Entered Level 1 of the Pits of Slime
 48231 | Slime:1  | Gained mutation: You are clumsy. (Dex -2) [a shining eye]
 48389 | Slime:1  | HP: 27/177 [titanic slime creature (28)]
 48923 | Slime:3  | Received a gift from Trog
 49030 | Slime:3  | Reached XP level 20. HP: 149/184 MP: 17/17
 49172 | Slime:4  | Received a gift from Trog
 49307 | Slime:4  | Reached skill level 19 in Armour
 49344 | Slime:5  | Entered Level 5 of the Pits of Slime
 49624 | Slime:5  | Reached skill level 18 in Fighting
 49714 | Slime:5  | Noticed the Royal Jelly
 50162 | Slime:5  | Killed the Royal Jelly
 50162 | Slime:5  | Received a gift from Trog
 50166 | Slime:5  | HP: 51/189 [death ooze[the Royal Jelly] (16)]
 50168 | Slime:5  | HP: 21/188 [acid[the Royal Jelly] (6)]
 50183 | Slime:5  | HP: 34/189 [acid (5)]
 50188 | Slime:5  | HP: 27/189 [acid (6)]
 50191 | Slime:5  | HP: 10/189 [acid (6)]
 50196 | Slime:5  | HP: 8/189 [acid[the Royal Jelly] (8)]
 50199 | Slime:5  | Slain by an azure jelly

Vault maps used:
D:1:      shiori_arrival_whats_in_store_for_you
D:2:      old_standard_altar, nicolae_gozag_seed_capital
D:3:      gup_sewer_entry_spiral, fedhas_altar_3
D:4:      kennysheep_mini, grunt_dithmenos_smoke_and_mirrors
D:5:      basic_altar, first_bread, serial_shops, nicolae_shop_window_shopping,
          minmay_crossroads
D:6:      overflow_temple_1_default, kennysheep_little_box, serial_shops,
          nicolae_shop_crystal, shop, shop, shop, kennysheep_generic_room_6
D:7:      nicolae_ru_awakened_eye, eat_drink_and_be_merry_uskayaw, serial_shops,
          nicolae_shop_stone, uniq_joseph, uniq_duvessa
D:8:      david_lair_shrubbed
D:9:      grunt_temple_overflow_diamond, old_standard_altar, uniq_gastronok
D:10:     serial_shops, nicolae_shop_window_shopping, nicolae_shop_crystal,
          kennysheep_potato
D:11:     orc_0_dummy, special_room
Temple:   compressed_dpeg_circular_temple
Lair:1:   portal_ice_cave_entry_ice_beasts, minivault_24, beast_lair_carwin_4
Lair:2:   swamp_mist, spider_nest_entry_rubble, basic_altar
Lair:5:   basic_altar, lab_entry_generic, minmay_stone_trees_medium,
          serial_bayou_shore_a, lemuel_fruit_fields
Lair:6:   evil_forest, minmay_slime_entry_oklob_open, grunt_megastairs_4,
          uniq_rupert
Swamp:1:  serial_swamp_ruin, evilmike_swamp_ruin_rubble_1,
          evilmike_swamp_ruin_house_2, kb_tengu_band, uniq_roxanne
Swamp:2:  evilmike_swamp_ruin_house_3, infiniplex_staircase_pool
Swamp:3:  hangedman_swamp_cone
Swamp:4:  swamp
Spider:1: minivault_29, uniq_josephine, uniq_donald
Spider:3: nicolae_orb_island
Spider:4: floodkiller_spider_rune_tomb, uniq_agnes, uniq_jorgrun
Slime:3:  cheibrodos_slime_lost_civilization_1,
          cheibrodos_slime_lost_civilization_4
Orc:1:    serial_shops, nicolae_shop_window_shopping
Orc:2:    grunt_orc_gardens, grunt_orc_garden, grunt_orc_garden,
          grunt_orc_garden, grunt_orc_garden, serial_shops,
          nicolae_shop_window_shopping, minmay_orc_treasury, uniq_maurice
Elf:1:    eino_elf_arrival_customs, serial_shops, shop, hangedman_elf_represent,
          minivault_27
Elf:2:    uniq_saint_roka, uniq_azrael
Elf:3:    grunt_elf_hall_branching, nicolae_elf_glass_and_crystal_pillar_1,
          minivault_26, nicolae_elf_big_sculpture_1
Lab:      labyrinth_mini_lab, nicolae_lab_garden, nicolae_lab_very_dead_end,
          labyrinth_skeletal_remains, nicolae_lab_hexagon
Sewer:    sewer_fruit_machine
IceCv:    ice_cave_small_dragons

Action                   |  1- 3 |  4- 6 |  7- 9 | 10-12 | 13-15 | 16-18 | 19-21 || total
-------------------------+-------+-------+-------+-------+-------+-------+-------++-------
Melee: Mace              |    62 |   161 |   144 |       |       |       |       ||   367
       Headbutt          |    14 |    17 |    48 |   212 |   270 |   288 |   135 ||   984
       Flail             |       |       |   110 |   553 |   167 |       |       ||   830
       Great mace        |       |       |       |       |   804 |  1011 |   377 ||  2192
       Dire flail        |       |       |       |       |    12 |       |       ||    12
 Fire: Hunting sling     |       |    97 |   230 |   168 |       |       |       ||   495
       Shortbow          |       |       |       |   128 |   516 |       |       ||   644
       Longbow           |       |       |       |       |   188 |   848 |   462 ||  1498
Throw: Stone             |    15 |    10 |     4 |     9 |       |       |       ||    38
Invok: Berserk           |       |     5 |     5 |     3 |     6 |       |     2 ||    21
       Trog's Hand       |       |     2 |     4 |     3 |     4 |     8 |     2 ||    23
       Brothers in Arms  |       |       |       |     4 |     4 |    10 |     3 ||    21
       Burn Spellbooks   |       |       |       |     3 |     1 |     4 |     3 ||    11
Evoke: Wand              |       |       |       |       |     4 |     4 |     4 ||    12
  Use: Scroll            |     1 |     2 |    10 |     9 |    18 |    10 |    12 ||    62
       Potion            |       |       |     1 |       |     2 |     9 |    11 ||    23
 Stab: Sleeping          |     3 |       |       |       |       |       |       ||     3
       Distracted        |       |       |       |       |     2 |     2 |       ||     4
       Confused          |       |       |       |       |       |     2 |       ||     2
  Eat: Chunk             |     1 |    12 |    17 |    10 |    26 |    18 |     2 ||    86
       Beef jerky        |       |     2 |       |     3 |     1 |       |     1 ||     7
       Meat ration       |       |       |     1 |     2 |     5 |     4 |     4 ||    16
       Royal jelly       |       |       |       |     1 |       |     1 |       ||     2
       Pizza             |       |       |       |       |     1 |     3 |       ||     4
       Bread ration      |       |       |       |       |       |     1 |       ||     1
Armor: Animal skin       |     8 |    38 |       |       |       |       |       ||    46
       Ring mail         |       |       |   104 |       |       |       |       ||   104
       Chain mail        |       |       |    15 |   277 |   658 |   835 |   215 ||  2000
Dodge: Dodged            |    38 |   145 |   162 |   276 |   578 |   841 |   361 ||  2401
Block: Other             |       |       |       |    53 |   228 |   260 |   100 ||   641
       Reflection        |       |       |       |       |     8 |     5 |    17 ||    30
